AoeStats
← Mob Psycho 100

African Clearing

510638743Analyzed
3v3 RM · 18h ago on Oct 1, 2026· 52m 30s· 6 players
Game mode
Random Map
Map size
Normal (6 player)
Population
200
Speed
Normal
Resources
Standard
Victory
Conquest
Starting age
Dark Age
Ending age
Imperial Age
RankedLock teamsTeams togetherTeam positionsShared explorationLock speedFull tech treeHidden civsTurbo modeCheats
Victory
Defeat
🇺🇸 Mongols · United States
1117
+15
🇧🇴 Malay · Bolivia
1075
+17
🇨🇴 Vikings · Colombia
1050
+18
🇨🇴 Varangians · Colombia
1142
-18
🇦🇷 Huns · Argentina
1117
-18
🇨🇴 Mongols · Colombia
1038
-14
Mob Psycho 100
12:09 Feudal Age
17:13 Castle Age
15:57 Double-Bit Axe
16:33 Loom
23:50 Horse Collar
24:12 Fletching
26:47 Bodkin Arrow
28:05 Crossbowman
28:50 Thumb Ring
29:25 Gold Mining
35:19 Imperial Age
33:14 Padded Archer Armor
34:11 Leather Archer Armor
34:44 Gold Shaft Mining
34:59 Wheelbarrow
36:02 Chemistry
36:03 Bracer
38:18 Ballistics
40:47 Ring Archer Armor
39:57 Arbalester
42:10 Forging
43:24 Scale Barding Armor
43:23 Husbandry
43:33 Elite Battle Elephant
44:47 Heavy Plow
46:40 Iron Casting
47:22 Crop Rotation
47:08 Hand Cart
47:13 Treadmill Crane
48:52 Blast Furnace
52:37 Town Watch
Domination12344
13:38 Feudal Age
12:44 Loom
14:08 Man-at-Arms
22:04 Castle Age
20:18 Town Watch
22:11 Double-Bit Axe
22:08 Long Swordsman
22:47 Horse Collar
24:15 Fletching
24:54 Elite Skirmisher
33:05 Gold Mining
33:39 Padded Archer Armor
35:37 Bodkin Arrow
43:11 Imperial Age
40:55 Forging
43:40 Leather Archer Armor
44:26 Iron Casting
44:23 Town Patrol
44:26 Bracer
44:41 Pikeman
46:07 Squires
46:20 Two-Handed Swordsman
49:54 Ring Archer Armor
50:48 Gold Shaft Mining
50:32 Heavy Plow
Rio
5:06 Loom
13:46 Feudal Age
19:37 Castle Age
17:25 Double-Bit Axe
21:31 Bow Saw
21:16 Horse Collar
23:18 Wheelbarrow
28:03 Stone Mining
28:58 Gold Mining
30:46 Stone Shaft Mining
31:01 Fletching
31:54 Gold Shaft Mining
32:02 Hand Cart
31:33 Town Watch
32:09 Bloodlines
32:12 Heavy Plow
33:45 Husbandry
33:41 Bodkin Arrow
34:33 Padded Archer Armor
35:40 Leather Archer Armor
38:18 Imperial Age
36:49 Scale Barding Armor
38:05 Ballistics
38:28 Thumb Ring
39:44 Conscription
39:30 Bracer
40:34 Chemistry
39:33 Elite Mangudai
42:02 Drill
42:19 Hoardings
42:12 Chain Barding Armor
42:21 Parthian Tactics
41:25 Capped Ram
42:43 Siege Ram
44:23 Masonry
44:19 Siege Engineers
valentinlondero68
8:07 Loom
13:43 Feudal Age
18:02 Castle Age
16:08 Double-Bit Axe
18:32 Wheelbarrow
19:51 Bow Saw
20:25 Horse Collar
26:10 Hand Cart
26:27 Fletching
27:58 Heavy Plow
29:28 Ballistics
32:02 Imperial Age
29:53 Gold Mining
30:23 Thumb Ring
30:15 Fletching
31:30 Gold Shaft Mining
31:30 Bloodlines
32:15 Husbandry
33:11 Parthian Tactics
33:20 Bodkin Arrow
33:27 Padded Archer Armor
33:33 Heavy Cavalry Archer
34:51 Bracer
35:58 Leather Archer Armor
38:48 Chemistry
calmilo
5:16 Loom
5:30 Loom
14:52 Feudal Age
14:54 Man-at-Arms
19:55 Double-Bit Axe
20:21 Fletching
23:23 Fletching
23:34 Padded Archer Armor
23:43 Gold Mining
27:13 Castle Age
27:50 Bodkin Arrow
29:08 Thumb Ring
32:31 Elite Skirmisher
45:41 Gold Shaft Mining
44:56 Stone Mining
52:18 Imperial Age
53:07 Ballistics
8oE.pember3276
4:06 Loom
16:04 Feudal Age
17:16 Double-Bit Axe
20:45 Castle Age
19:45 Stone Mining
25:16 Forging
25:24 Horse Collar
31:29 Wheelbarrow
32:13 Scale Barding Armor
33:44 Gold Mining
34:36 Bloodlines
36:37 Heavy Plow
37:48 Husbandry
39:17 Hand Cart
38:30 Vendel Legacy
41:32 Bow Saw
41:00 Light Cavalry
45:22 Iron Casting
51:05 Elite Skirmisher
Connection lost

Rejoining the realm…

Still unreachable

The connection could not be restored.

Session expired

The server has moved on; the page needs a fresh start.